 Dungeon Crawl Stone Soup version 0.29.0-4-gdea44cf6ec (webtiles) character file.

Game seed: 8073431024851826827

18 qw the Chopper (level 2, 0/17 HPs)
             Began as a Tengu Warper on Aug 28, 2022.
             Succumbed to a goblin's poison
             ... on level 1 of the Dungeon.
             The game lasted 00:00:14 (824 turns).

qw the Chopper (Tengu Warper)                        Turns: 824, Time: 00:00:15

Health: 0/17       AC:  3    Str: 11    XL:     2   Next: 70%
Magic:  6/6        EV: 11    Int: 13    God:
Gold:   18         SH:  0    Dex: 13    Spells: 5/5 levels left

rFire   . . .      SeeInvis .   a - +0 hand axe
rCold   . . .      Faith    .   (no shield)
rNeg    . . .      Spirit   .   b - +0 leather armour
rPois   .          Reflect  .   (helmet restricted)
rElec   .          Harm     .   (no cloak)
rCorr   .          Rampage  .   (no gloves)
Will    .....                   (boots unavailable)
Stlth   +.........              (no amulet)
HPRegen 0.05/turn               (no ring)
MPRegen 0.10/turn               (no ring)

@: lethally poisoned (0 -> -2)
A: beak, talons 3
a: no special abilities


You were on level 1 of the Dungeon.
You visited 1 branch of the dungeon, and saw 1 of its levels.

You collected 18 gold pieces.


Innate Abilities, Weirdness & Mutations

You have a beak for a mouth.
You have claws for feet.


   Skills:
 - Level 2.0 Fighting
 + Level 3.5 Axes
 - Level 1.0 Throwing
 - Level 1.1 Armour
 - Level 2.1 Dodging
 - Level 2.0 Spellcasting
 - Level 2.4 Translocations


You had 5 spell levels left.
You didn't know any spells.
Your spell library contained the following spells:

 Spells                   Type           Power      Damage    Failure   Level
 Blink                    Tloc           14%        N/A       19%         2
 Gell's Gravitas          Tloc           7%         N/A       36%         3
 Lesser Beckoning         Tloc           7%         N/A       36%         3
 Teleport Other           Tloc           7%         N/A       36%         3
 Manifold Assault         Tloc           7%         N/A       98%         5

Inventory:

Hand Weapons
 a - a +0 hand axe (weapon)
 i - a +0 club
Armour
 b - a +0 leather armour (worn)
Jewellery
 h - a ring of positive energy
Scrolls
 c - a scroll of blinking
 e - 3 scrolls of teleportation {unknown}
 f - a scroll of noise {unknown}
 g - a scroll of immolation {unknown}
Potions
 d - a potion of curing {unknown}

Dungeon Overview and Level Annotations

Branches:
Dungeon (1/15)

Altars:


Message History

The ball python barely misses you. The ball python constricts you.
The ball python bites you. The ball python constricts you.
You closely miss the ball python. You claw the ball python.
You kill the ball python!
You start resting.
HP restored.
You see here a ball python corpse.
A kobold comes into view. It is wielding a +0 whip.
The kobold shouts!
A bat comes into view.
A goblin comes into view.
It is wielding a +0 club and quivering poisoned darts.
You hit the bat.
You kill the bat!
You closely miss the kobold.
The goblin throws a poisoned dart.
The poisoned dart misses you. The kobold closely misses you.
You closely miss the kobold. You claw the kobold, but do no damage.
The goblin throws a poisoned dart.
The poisoned dart hits you!
You are poisoned.
The kobold hits you with a +0 whip.
You hit the kobold.
You kill the kobold!
You feel very sick.
You feel sick.
The goblin throws a poisoned dart.
The poisoned dart misses you.
You feel sick.
You feel sick.
The goblin throws a poisoned dart.
The poisoned dart misses you.
You feel sick.
A rat comes into view.
The goblin throws a poisoned dart.
The poisoned dart barely misses you.
You feel sick.
The goblin throws a poisoned dart.
The poisoned dart hits you.
You are lethally poisoned!
You feel sick.
You feel sick.
The goblin throws a poisoned dart.
The poisoned dart barely misses you.
You feel sick.
You feel sick.
You feel sick.
You closely miss the goblin. Your kick misses the goblin.
You barely miss the rat.
You die...

###......%.......................
####.>%.............#..........
#................#..........
#................#..........
#....(......######..........
.............# ##.........
.##.##.......# #......... ..
#.#........#######.........
......r@.....%...#######
......g..........#
...####..........# . #..........#
############


You could see a goblin and a rat.

Vanquished Creatures
  3 bats (D:1)
  An endoplasm (D:1)
  A giant cockroach (D:1)
  2 hobgoblins (D:1)
  A jackal (D:1)
  A quokka (D:1)
  3 ball pythons (D:1)
  2 kobolds (D:1)
  4 rats (D:1)
18 creatures vanquished.

Notes
Turn   | Place    | Note
-------+----------+-------------------------------------------
     0 | D:1      | qw the Tengu Warper began the quest for the Orb.
     0 | D:1      | Reached XP level 1. HP: 12/12 MP: 4/4
     0 | D:1      | 0 ||| qw: Version: 0.1-a-89-g26bdef1
     0 | D:1      | 0 ||| qw: Game counter: 3422
     0 | D:1      | 0 ||| qw: Always use a shield: true
     0 | D:1      | 0 ||| qw: God list: Okawaru
     0 | D:1      | 0 ||| qw: Allow faded altars: false
     0 | D:1      | 0 ||| qw: Do Orc after D:15 true
     0 | D:1      | 0 ||| qw: Do second Lair branch before Depths: true
     0 | D:1      | 0 ||| qw: Lair rune preference: random
     0 | D:1      | 0 ||| qw: Plans: Normal
     0 | D:1      | 0 ||| PLANNING D:1-11
   278 | D:1      | 278 ||| Stepping ~*~*~tactically~*~*~ (stealth).
   314 | D:1      | Reached skill level 3 in Axes
   314 | D:1      | Reached XP level 2. HP: 16/17 MP: 6/6
   331 | D:1      | 331 ||| Stepping ~*~*~tactically~*~*~ (stealth).
   462 | D:1      | Found a faded altar of an unknown god.
   508 | D:1      | 508 ||| Stepping ~*~*~tactically~*~*~ (stealth).
   820 | D:1      | HP: 4/17 [poisoned by a goblin]
   823 | D:1      | HP: 1/17 [poisoned by a goblin]
   824 | D:1      | Succumbed to a goblin's poison

Levels and vault maps discovered:
D:1:      zelgadis_glass_arrival_small, layout_basic,
          shapermc_ecumenical_altar_flowoftime, minmay_tall_x

Skill      XL: |  1 |
---------------+----+-----
Axes           | 3 |  3.5
Fighting       | |  2.0
Throwing       | |  1.0
Armour         | |  1.1
Dodging        | |  2.1
Spellcasting   | |  2.0
Translocations | |  2.4

Action                   || total
-------------------------++-------
Melee: Hand axe          ||    43
       Kick              ||    11
       Peck              ||     2
Throw: Boomerang         ||     7
 Stab: Distracted        ||     1
Armor: Leather armour    ||    14
Dodge: Dodged            ||    22

Table legend:
 A = Non-vault XP
 B = Vault XP
 C = Vault XP percentage of total XP
 D = Non-vault monster count
 E = Vault monster count
 F = Vault count percentage of total count
                 A         B        C        D         E       F
            +---------+---------+-------+---------+---------+-------
      Total |      22 |       5 |  18.5 |      15 |       3 |  16.7
            +---------+---------+-------+---------+---------+-------
        D:1 |      22 |       5 |  18.5 |      15 |       3 |  16.7
            +---------+---------+-------+---------+---------+-------
